AoeStats
← 你媽

Black Forest

510079811Analyzed
4v4 RM · 4d ago on Sep 29, 2026· 57m 15s· 8 players
Game mode
Random Map
Map size
Large (8 player)
Population
200
Speed
Normal
Resources
Standard
Victory
Conquest
Starting age
Dark Age
Ending age
Imperial Age
RankedLock teamsTeams togetherTeam positionsShared explorationLock speedFull tech treeHidden civsTurbo modeCheats
Victory
Defeat
🇫🇷 Ethiopians · France
1131
+7
🇫🇷 Persians · France
859
+17
🇨🇳 Italians · China
805
+20
🇹🇼 Celts · Taiwan
802
+19
🇪🇸 Mongols · Spain
908
-16
🇵🇹 Lithuanians · Portugal
900
-16
🇩🇪 Vietnamese · Germany
889
-16
🇵🇰 Celts · Pakistan
876
-15
Exteme77
1:01 Loom
10:40 Feudal Age
16:58 Castle Age
15:26 Double-Bit Axe
18:11 Bow Saw
22:03 Fletching
23:49 Wheelbarrow
29:33 Imperial Age
27:18 Gold Mining
27:46 Stone Mining
28:40 Horse Collar
31:31 Hand Cart
32:56 Conscription
33:34 Bloodlines
33:26 Cavalier
34:58 Forging
34:54 Scale Barding Armor
38:46 Paladin
39:33 Elite Skirmisher
44:52 Heavy Plow
47:36 Padded Archer Armor
48:27 Thumb Ring
48:08 Imperial Skirmisher
49:25 Pikeman
51:33 Halberdier
56:36 Iron Casting
ALAM-THE-GHAZAI
11:01 Loom
16:47 Feudal Age
22:45 Castle Age
20:38 Horse Collar
22:03 Fletching
22:19 Gold Mining
22:21 Stone Mining
24:17 Wheelbarrow
26:23 Town Watch
26:59 Padded Archer Armor
28:34 Caravan
34:32 Imperial Age
32:33 Forging
32:25 Stronghold
33:23 Double-Bit Axe
34:31 Hand Cart
35:32 Coinage
35:56 Town Patrol
36:15 Bow Saw
36:31 Onager
37:36 Ballistics
39:05 Heavy Plow
39:54 Siege Onager
42:46 Chemistry
43:12 Bodkin Arrow
44:20 Leather Archer Armor
45:52 Iron Casting
47:10 Scale Mail Armor
50:13 Siege Engineers
50:23 Guilds
fer_es_merengue9
11:08 Feudal Age
11:55 Double-Bit Axe
13:29 Horse Collar
15:20 Loom
18:28 Castle Age
17:32 Stone Mining
17:34 Gold Mining
19:29 Bow Saw
22:03 Heavy Plow
23:20 Gold Shaft Mining
31:21 Imperial Age
29:44 Stone Shaft Mining
29:39 Fletching
29:49 Padded Archer Armor
30:03 Careening
30:03 Fortified Wall
30:14 Ballistics
29:54 Murder Holes
30:12 Forging
30:08 Scale Barding Armor
31:04 Wheelbarrow
30:16 Town Watch
31:03 Caravan
31:20 Masonry
31:38 Bodkin Arrow
32:18 Leather Archer Armor
32:14 Husbandry
32:28 Bloodlines
33:30 Hand Cart
33:16 Town Patrol
33:06 Light Cavalry
34:15 Conscription
33:58 Nomads
34:53 Bracer
34:27 Capped Ram
35:48 Scale Mail Armor
36:09 Chain Barding Armor
36:51 Chemistry
35:58 Siege Engineers
36:55 Iron Casting
36:05 Elite Mangudai
37:33 Siege Ram
37:37 Hussar
42:06 Parthian Tactics
41:19 Elite Skirmisher
42:05 Imperial Skirmisher
42:52 Thumb Ring
50:23 Blast Furnace
55:57 Drill
sascha.m.89x
9:35 Loom
12:11 Feudal Age
12:37 Double-Bit Axe
13:31 Wheelbarrow
13:45 Gold Mining
15:07 Horse Collar
17:23 Gold Mining
17:29 Stone Mining
21:10 Castle Age
19:15 Stone Mining
22:26 Bow Saw
22:57 Stone Shaft Mining
22:38 Hand Cart
22:29 Heavy Plow
25:16 Gold Mining
32:02 Imperial Age
29:29 Treadmill Crane
30:11 Ballistics
29:47 Fletching
29:58 Padded Archer Armor
32:43 Bodkin Arrow
33:03 Leather Archer Armor
33:52 Chemistry
32:19 Elite Rattan Archer
33:28 Paper Money
34:00 Crop Rotation
34:59 Two-Man Saw
36:26 Thumb Ring
35:45 Elite Skirmisher
37:14 Bracer
37:44 Ring Archer Armor
38:02 Imperial Skirmisher
42:29 Elite Battle Elephant
43:34 Scale Barding Armor
43:39 Forging
44:29 Husbandry
44:43 Bloodlines
45:21 Chain Barding Armor
47:38 Pikeman
48:22 Scale Mail Armor
50:00 Chatras
49:29 Halberdier
50:10 Squires
50:29 Chain Mail Armor
50:49 Iron Casting
50:50 Plate Barding Armor
Orlinn
0:28 Loom
11:50 Feudal Age
16:19 Castle Age
15:50 Double-Bit Axe
16:00 Horse Collar
16:42 Town Watch
22:19 Wheelbarrow
25:08 Heavy Plow
26:30 Gold Mining
26:31 Stone Mining
30:36 Imperial Age
28:25 Bow Saw
28:45 Ballistics
28:20 Fletching
28:34 Padded Archer Armor
30:09 Hand Cart
30:28 Crossbowman
31:13 Thumb Ring
33:12 Chemistry
32:12 Arbalester
36:30 Siege Engineers
36:58 Bodkin Arrow
37:18 Leather Archer Armor
37:35 Town Patrol
38:11 Conscription
39:25 Torsion Engines
40:12 Ring Archer Armor
39:43 Bracer
49:00 Light Cavalry
50:13 Scale Barding Armor
50:19 Forging
49:41 Hussar
53:29 Chain Barding Armor
53:44 Iron Casting
56:39 Husbandry
Petrus
0:40 Loom
13:53 Feudal Age
21:08 Castle Age
31:40 Imperial Age
30:54 Wheelbarrow
31:50 Pikeman
33:39 Elite Skirmisher
38:03 Fletching
38:25 Forging
38:16 Scale Mail Armor
39:10 Halberdier
43:06 Squires
44:38 Double-Bit Axe
45:45 Iron Casting
45:25 Chain Mail Armor
45:17 Scale Barding Armor
45:00 Cavalier
45:41 Husbandry
45:09 Light Cavalry
46:00 Bloodlines
47:13 Hand Cart
48:39 Horse Collar
50:04 Blast Furnace
49:35 Plate Mail Armor
49:48 Hussar
50:57 Chain Barding Armor
50:24 Town Watch
50:56 Bow Saw
50:50 Heavy Plow
50:18 Onager
54:42 Husbandry
55:44 Town Patrol
56:34 Plate Barding Armor
56:36 Crop Rotation
你媽
0:30 Loom
12:52 Feudal Age
17:43 Castle Age
16:59 Wheelbarrow
16:23 Double-Bit Axe
17:18 Wheelbarrow
17:41 Horse Collar
21:34 Bow Saw
22:57 Heavy Plow
24:51 Hand Cart
28:04 Scale Mail Armor
28:12 Scale Barding Armor
28:07 Scale Mail Armor
28:17 Forging
28:24 Gold Mining
29:47 Husbandry
30:06 Caravan
31:35 Gold Shaft Mining
31:48 Town Watch
32:25 Chain Barding Armor
32:21 Chain Mail Armor
32:41 Iron Casting
36:16 Imperial Age
35:41 Stone Mining
38:28 Blast Furnace
37:42 Furor Celtica
36:53 Elite Woad Raider
37:54 Conscription
36:59 Onager
37:56 Town Patrol
38:55 Guilds
38:25 Siege Onager
39:59 Chain Mail Armor
40:03 Cavalier
45:45 Chemistry
45:09 Ballistics
44:17 Paladin
含光
12:11 Feudal Age
14:08 Wheelbarrow
13:26 Double-Bit Axe
21:50 Castle Age
19:49 Horse Collar
23:25 Castle Age
24:22 Hand Cart
24:32 Bow Saw
24:27 Heavy Plow
27:31 Stone Mining
27:31 Gold Mining
32:22 Caravan
37:07 Imperial Age
34:32 Loom
35:43 Ballistics
36:05 Gold Mining
36:51 Stone Shaft Mining
36:01 Pikeman
36:42 Squires
36:29 Arson
38:32 Conscription
38:36 Silk Road
38:56 Crop Rotation
39:34 Two-Man Saw
39:24 Elite Genoese Crossbowman
40:38 Scale Barding Armor
40:44 Forging
40:39 Padded Archer Armor
40:29 Fletching
43:25 Chemistry
44:18 Thumb Ring
44:52 Husbandry
45:02 Bloodlines
44:13 Light Cavalry
47:02 Leather Archer Armor
46:42 Bodkin Arrow
47:07 Hussar
53:43 Cavalier
56:14 Ring Archer Armor
55:45 Bracer
Connection lost

Rejoining the realm…

Still unreachable

The connection could not be restored.

Session expired

The server has moved on; the page needs a fresh start.